 Dungeon Crawl Stone Soup version 0.30-a0-121-gb27577e5d9 (webtiles) character file.

Game seed: 4485004307388072961

220 KittyKat the Insei (level 5, -2/37 HPs)
             Began as a Demonspawn Transmuter on Sept 14, 2022.
             Slain by an iguana (3 damage)
             ... on level 3 of the Dungeon.
             The game lasted 00:11:06 (3947 turns).

KittyKat the Insei (Demonspawn Transmuter)          Turns: 3947, Time: 00:11:07

Health: -2/37      AC:  2    Str: 12    XL:     5   Next: 64%
Magic:  17/18      EV: 12    Int: 16    God:
Gold:   150        SH:  0    Dex: 14    Spells: 9/10 levels left

rFire   . . .      SeeInvis .      - Unarmed
rCold   . . .      Faith    .    (no shield)
rNeg    . . .      Spirit   .    a - +0 robe
rPois   .          Reflect  .    (helmet currently unavailable)
rElec   .          Harm     .    (no cloak)
rCorr   .          Rampage  .    (no gloves)
Will    .....                    (boots currently unavailable)
Stlth   +.........               (no amulet)
HPRegen 0.12/turn                i - ring of magical power
MPRegen 0.16/turn                (no ring)

@: appendages
A: talons 2, horns 1, foul stench 1, big brain 1
a: End Transformation


You were on level 3 of the Dungeon.
You had temporarily grown beastly talons.
You visited 1 branch of the dungeon, and saw 4 of its levels.

You collected 150 gold pieces.

Inventory:

Missiles
 l - a throwing net
Armour
 a - a +0 robe (worn)
Jewellery
 i - a ring of magical power (left hand)
 o - a ring of willpower
 p - a ring of resist corrosion
Wands
 j - a wand of polymorph (4)
 m - a wand of roots (5)
Scrolls
 c - 2 scrolls of poison {unknown}
 d - 3 scrolls of identify {unknown}
 e - 2 scrolls of teleportation {unknown}
 f - a scroll of amnesia {unknown}
 h - 2 scrolls of magic mapping {unknown}
 n - a scroll of fear {unknown}
 q - a scroll of brand weapon {unknown}
 r - a scroll of summoning {unknown}
Potions
 b - a potion of lignification
 g - a potion of degeneration {unknown}
 k - a potion of haste {unknown}


   Skills:
 - Level 1.0 Fighting
 - Level 2.2 Dodging
 + Level 3.9 Unarmed Combat
 + Level 3.1 Spellcasting
 * Level 3.6 Transmutations


You had 9 spell levels left.
You knew the following spells:

 Your Spells              Type           Power      Damage    Failure   Level
a - Beastly Appendage     Tmut           28%        N/A       4%          1

Your spell library contained the following spells:

 Spells                   Type           Power      Damage    Failure   Level
 Wereblood                Tmut           14%        N/A       6%          2
 Spider Form              Tmut/Pois      8%         N/A       26%         3
 Confusing Touch          Hex            2%         N/A       50%         3
 Ice Form                 Ice/Tmut       8%         N/A       65%         4
 Yara's Violent Unravell  Hex/Tmut       4%         3d4       94%         5
 Enfeeble                 Hex            1%         N/A       100%        7


Dungeon Overview and Level Annotations

Branches:
Dungeon (4/15)
 Temple: D:4-7

Altars:
Cheibriados

Shops:
D:1 !

Annotations:
D:2 1 runed translucent door, Crazy Yiuf


Innate Abilities, Weirdness & Mutations

You have temporarily grown beastly talons.
You have a pair of small horns on your head.
You may rarely emit foul miasma when damaged in melee.
You have an unusually large brain. (Int +2)


Message History

Your headbutt misses the orc. The orc hits you with a +0 flail.
The orc hits you with a +0 short sword.
You emit a cloud of foul miasma!
You hit the orc.
The orc is heavily wounded.
Your transformation is almost over.
You hit the orc.
You kill the orc!
The orc hits you with a +0 flail. The orc barely misses you.
You see here a +0 short sword.
You barely miss the orc. Your kick misses the orc. The orc closely misses you.
The orc completely misses you.
You barely miss the orc. Your kick misses the orc. You headbutt the orc.
The orc is almost dead.
The orc hits you with a +0 flail. The orc hits you with a +0 hand axe.
* * * LOW HITPOINT WARNING * * *
You hit the orc but do no damage. You claw the orc.
You kill the orc!
The orc misses you.
Things that are here:
a +0 hand axe; an orc corpse Your talons disappear.
An orc wizard appears from thin air!
Reactivating autopickup.
The orc wizard casts a spell.
The orc wizard flickers and vanishes!
Deactivating autopickup; reactivate with Ctrl-A.
An iguana comes into view.
The iguana hisses angrily.
The iguana bites you.
There is a stone staircase leading up here.
The iguana bites you!
* * * LOW HITPOINT WARNING * * *
You climb upwards.
Reactivating autopickup.
There is a stone staircase leading down here.
Casting: Beastly Appendage (safe; 4% risk of failure)
Confirm with . or Enter, or press ? or * to list all spells.
Your feet morph into talons.
The iguana bites you.
You die...

#.....##.# #.#####.##.#######.#
#.....##.# #.#...#.............
......##.# #.#.................
......##.# #.#...##............
......##.# #(#.................
.......#.#####.#....#............
#.....รท#............'............
.....#.##..###.#.##.#............
.##.##..##.###.l@...#............
.##..............#..#............
.#####.P._.P........#............
.# ##.......######.#............
.# #...............#.>..........
.# #.###############...>........
.# #.# ###...................###
.# #.# #......##############.#
.####.# #...................#.#


You could see an iguana.

Vanquished Creatures
  Jessica (D:3)
  2 orc wizards (D:4)
  5 gnolls (D:3)
  2 adders
  A worm (D:3)
  4 dart slugs
  4 orcs
  7 endoplasms
  2 giant cockroaches
  9 hobgoblins
  2 jackals (D:2)
  2 quokkas
  2 ball pythons
  10 bats
  3 frilled lizards
  3 goblins
  4 kobolds
  5 rats
68 creatures vanquished.

Notes
Turn   | Place    | Note
-------+----------+-------------------------------------------
     0 | D:1      | KittyKat the Demonspawn Transmuter began the quest for the
                  | Orb.
     0 | D:1      | Reached XP level 1. HP: 15/15 MP: 3/3
   257 | D:1      | Gained mutation: You have an unusually large brain. (Int
                  | +2) [demonic ancestry]
   257 | D:1      | Reached XP level 2. HP: 20/21 MP: 3/5
   265 | D:1      | Found Daskaow's Distillery.
   934 | D:2      | Noticed a shining eye
   937 | D:2      | Mutation became permanent: You have a pair of small horns
                  | on your head. [demonic ancestry]
   937 | D:2      | Gained mutation: You have a pair of horns on your head.
                  | [demonic ancestry]
   937 | D:2      | Reached XP level 3. HP: 26/26 MP: 4/6
  1143 | D:2      | Found a faded altar of an unknown god.
  1145 | D:2      | Noticed a shining eye
  1145 | D:2      | Noticed a golden eye
  1145 | D:2      | Noticed a floating eye
  1391 | D:2      | Found a runed translucent door.
  1392 | D:2      | Noticed Crazy Yiuf
  2264 | D:3      | Reached XP level 4. HP: 25/32 MP: 7/7
  2302 | D:3      | HP: 1/32 [gnoll/+0 spear (6)]
  2900 | D:3      | Noticed Jessica
  2904 | D:3      | Killed Jessica
  3136 | D:3      | Gained mutation: You may rarely emit foul miasma when
                  | damaged in melee. [demonic ancestry]
  3136 | D:3      | Reached XP level 5. HP: 28/37 MP: 9/9
  3346 | D:3      | Found a snail-covered altar of Cheibriados.
  3945 | D:4      | HP: 1/37 [iguana (13)]
  3947 | D:3      | Slain by an iguana

Illustrated notes

Levels and vault maps discovered:
D:1:      dpeg_arrival_concentric_ovals, layout_basic, serial_shops, shop
D:2:      layout_basic, hellmonk_ecumenical_altar_watching_god,
          uniq_crazy_yiuf_cottage
D:3:      layout_basic, mainiacjoe_overflow_tiny_flanked, uniq_jessica
D:4:      layout_basic, chequers_serial_rivers_marsh, minmay_misc_feat_tiny

Skill      XL: |  1  2  3  4  5 |
---------------+----------------+-----
Dodging        | 2 |  2.2
Unarmed Combat | 3 |  3.9
Transmutations | 2 3 |  3.6
Spellcasting   | 3 |  3.1
Fighting       | |  1.0

Action                   |  1- 3 |  4- 6 || total
-------------------------+-------+-------++-------
Melee: Unarmed           |    98 |    77 ||   175
       Kick              |    21 |    22 ||    43
       Headbutt          |    19 |    17 ||    36
       Punch             |     2 |       ||     2
 Cast: Beastly Appendage |    31 |    17 ||    48
 Stab: Sleeping          |       |     1 ||     1
Armor: Robe              |    25 |    13 ||    38
Dodge: Dodged            |    87 |    46 ||   133

Table legend: (Time is in decaauts)
 A = Elapsed time spent in this place.
 B = Non-inter-level travel time spent in this place.
 C = Inter-level travel time spent in this place.
 D = Time resting spent in this place.
 E = Time spent auto-exploring this place.
 F = Levels seen in this place.
 G = Mean time per level.
                   A        B        C        D        E       F      G
               +--------+--------+--------+--------+--------+-----+--------+
         Total |   3934 |   3903 |     31 |   1001 |   1489 |   4 |  983.5 |
       Dungeon |   3934 |   3903 |     31 |   1001 |   1489 |   4 |  983.5 |
               +--------+--------+--------+--------+--------+-----+--------+

Top non-repeatable levels by time:
     D:3: 1574 daAuts
     D:2: 1379 daAuts
     D:1: 835 daAuts
     D:4: 144 daAuts
